 Dungeon Crawl Stone Soup version 0.20.1-1-g8b1a95d (webtiles) character file.

306 tidbits the Insei (level 5, 39/39 HPs)
             Began as a Demigod Transmuter on Aug 24, 2017.
             Quit the game on level 4 of the Dungeon.
             The game lasted 00:16:02 (1857 turns).

tidbits the Insei (Demigod Transmuter)              Turns: 1857, Time: 00:16:03

Health: 39/39      AC:  3    Str: 13    XL:     5   Next: 93%
Magic:  10/10      EV: 12    Int: 19    God:
Gold:   117        SH:  0    Dex: 16    Spells: 2/8 levels left

rFire    . . .     SeeInvis .   a - +2 dagger (venom)
rCold    . . .     Gourm    .   (no shield)
rNeg     . . .     Faith    .   b - +0 robe
rPois    .         Spirit   .   (no helmet)
rElec    .         Reflect  .   (no cloak)
rCorr    .         Harm     .   G - +0 pair of gloves
MR       .....                  (no boots)
Stlth    +.........             (no amulet)
Regen    0.2/turn               (no ring)
MPRegen  0.2/turn               (no ring)

@: no status effects
A: high mp 1
a: no special abilities


You were on level 4 of the Dungeon.
You were hungry.

You visited 1 branch of the dungeon, and saw 4 of its levels.
You also visited: Sewer.

You collected 117 gold pieces.

Inventory:

Hand Weapons
 a - a +2 dagger of venom (weapon)
   (You took it off a kobold on level 3 of the Dungeon)
 k - a +0 vampiric whip
   (You found it on level 2 of the Dungeon)
 l - a +0 blowgun
Missiles
 e - 23 stones
 m - 71 arrows
 n - 7 poisoned needles
 s - 2 poisoned javelins (quivered)
Armour
 b - a +0 robe (worn)
 G - a +0 pair of gloves (worn)
Wands
 v - a wand of confusion (48/48)
Scrolls
 q - 2 scrolls of magic mapping
 u - 2 scrolls of teleportation
Potions
 f - 2 potions of invisibility {unknown}
 g - 3 potions of flight
 h - 2 potions of agility {unknown}
 i - 3 potions of curing {unknown}
 o - a potion of haste {unknown}
 p - a potion of might
 r - 2 potions of heal wounds {unknown}
 t - a potion of magic
Books
 c - a book of Changes

   Spells                             Type                      Level
   a - Beastly Appendage              Transmutation                1
   b - Sticks to Snakes               Transmutation                2
   c - Spider Form                    Transmutation/Poison         3
   d - Ice Form                       Ice/Transmutation            4
   e - Blade Hands                    Transmutation                5
Comestibles
 d - 3 bread rations
 j - a meat ration


   Skills:
 - Level 0.8 Fighting
 - Level 1.7 Dodging
 + Level 6.1 Unarmed Combat
 - Level 2.0 Spellcasting
 - Level 2.0 Transmutations


You had 2 spell levels left.
You knew the following spells:

 Your Spells              Type           Power        Failure   Level  Hunger
e - Beastly Appendage     Tmut           #.....       7%          1    #......
k - Sticks to Snakes      Tmut           #.......     11%         2    ###....
p - Spider Form           Tmut/Pois      #.........   32%         3    ###....


Dungeon Overview and Level Annotations

Branches:
Dungeon (4/15)
 Temple: D:4-7


Innate Abilities, Weirdness & Mutations

You have an increased reservoir of magic. (+10% MP)


Message History

You closely miss the goblin.
The goblin is heavily wounded.
The goblin hits you but does no damage.
You hit the goblin.
The goblin looks as sick as possible!
The goblin is severely wounded.
You kill the goblin!
As you read the scroll of teleportation, it crumbles to dust.
You feel strangely unstable.
You start resting.
Your surroundings suddenly seem different.
HP restored.
There is a stone staircase leading down here.
You climb downwards.
There is a stone staircase leading up here.
You climb upwards.
There is a stone staircase leading down here.
Okay, then.
A bat comes into view.
You see here a meat ration.
j - a meat ration You hit the bat.
The bat is poisoned.
The bat is severely wounded.
You kill the bat!
You see here a bat corpse.
You see here 21 bolts.
There is a stone staircase leading down here.
You climb downwards.
There is a stone staircase leading up here.
A kobold comes into view. It is wielding a short sword.
The kobold shouts!
You hit the kobold but do no damage. The kobold barely misses you.
You hit the kobold.
You kill the kobold!
You see here a short sword.
A bat comes into view.
A bat is nearby!
The bat hits you but does no damage.
You closely miss the bat. The bat barely misses you.
No target in view!
You are feeling very hungry.
The bat hits you but does no damage.
You miss the bat. The bat barely misses you.
The bat hits you but does no damage. The bat hits you but does no damage.
The bat closely misses you. The bat hits you. The bat closely misses you.
The bat barely misses you. The bat hits you but does no damage.
The bat hits you.
You closely miss the bat. The bat completely misses you.
You barely miss the bat. The bat hits you but does no damage.
Casting: Spider Form
Confirm with . or Enter, or press ? or * to list all spells.
You miscast Spider Form.
You are very lightly contaminated with residual magic.
Waves of light ripple over your body. The bat barely misses you.
The bat hits you but does no damage.
You closely miss the bat. The bat barely misses you. The bat barely misses you.
You hit the bat.
You kill the bat!
You see here a bat corpse.
You butcher the bat corpse.
You see here a chunk of flesh.
Eat a chunk of flesh? (ye/n/q)
You eat the chunk of flesh.
This raw flesh tastes terrible.
Found a glowing whip.
You see here a glowing whip.
k - a glowing whip You open the door.
There is an open door here.
Your magical contamination has completely faded away.
You open the door.
There is an open door here.
There is an open door here.
Found 17 poisoned needles.
Found a bread ration.
You see here a bread ration.
You see here a bread ration.
d - 3 bread rations (gained 1)
There is a stone staircase leading down here.
You climb downwards.
There is a stone staircase leading up here.
Found a black potion.
There is an open door here.
You see here a black potion.
o - a black potion You are feeling hungry.
A bat comes into view.
The bat misses you. The bat closely misses you.
You hit the bat.
You kill the bat!
You see here 14 poisoned needles.
There is a stone staircase leading down here.
You climb downwards.
There is a stone staircase leading up here.
You see here an adder skeleton.
Are you sure you want to abandon this character and quit the game? (Confirm with "yes".)

####...........#
...............# .
#............# ..
#............########..
#......................
#...(.................>
#....................#.
##...................#.
#....@..............#.
##..................#.
##....<####..........
#....## #........##
####...รท# #....<...#
.........###########....
#####...........# ####.
#...........# .
#...........#


There were no monsters in sight!

Vanquished Creatures
  2 big kobolds (Sewer)
  4 adders
  3 river rats
  An ooze (Sewer)
  6 worms
  2 dart slugs
  3 leopard geckos
  An orc (D:3)
  8 bats
  3 giant cockroaches
  6 goblins
  6 hobgoblins
  A ball python (D:2)
  8 frilled lizards
  10 kobolds
  15 rats
79 creatures vanquished.

Vanquished Creatures (collateral kills)
  A river rat (D:3)
  A bat (D:3)
  A rat (D:3)
3 creatures vanquished.

Grand Total: 82 creatures vanquished

Notes
Turn   | Place    | Note
-------+----------+-------------------------------------------
     0 | D:1      | tidbits the Demigod Transmuter began the quest for the Orb.
     0 | D:1      | Reached XP level 1. HP: 15/15 MP: 5/5
    32 | D:1      | Reached skill level 2 in Transmutations
    53 | D:1      | Reached skill level 2 in Spellcasting
   129 | D:1      | Reached XP level 2. HP: 19/22 MP: 5/7
   131 | D:1      | Reached skill level 3 in Unarmed Combat
   135 | D:1      | Learned a level 2 spell: Sticks to Snakes
   440 | D:2      | Found an ancient bone altar of Kikubaaqudgha.
   517 | D:3      | Reached XP level 3. HP: 26/27 MP: 3/8
   708 | D:3      | Reached skill level 4 in Unarmed Combat
   745 | D:3      | Found a glowing drain.
   754 | D:3      | Reached XP level 4. HP: 18/34 MP: 9/9
   788 | Sewer    | Entered a sewer
   847 | Sewer    | Learned a level 3 spell: Spider Form
   964 | Sewer    | Noticed a big kobold
   978 | Sewer    | Killed a big kobold
   978 | Sewer    | Reached skill level 5 in Unarmed Combat
   978 | Sewer    | Reached XP level 5. HP: 24/39 MP: 7/10
  1142 | D:3      | Found a sparkling altar of Nemelex Xobeh.
  1231 | D:4      | Reached skill level 6 in Unarmed Combat
  1857 | D:4      | Quit the game

Skill      XL: |  1  2  3  4  5 |
---------------+----------------+-----
Transmutations | 2 |  2.0
Spellcasting   | 2 |  2.0
Unarmed Combat | 3 4 5 6 |  6.1
Fighting       | |  0.8
Dodging        | |  1.7

Action                   |  1- 3 |  4- 6 || total
-------------------------+-------+-------++-------
Melee: Unarmed           |    79 |    57 ||   136
       Kick              |    11 |       ||    11
       Headbutt          |     4 |     1 ||     5
       Dagger            |    12 |    42 ||    54
       Punch             |       |     1 ||     1
Throw: Javelin           |    19 |     9 ||    28
 Cast: Beastly Appendage |    20 |     2 ||    22
       Sticks to Snakes  |     4 |     1 ||     5
       Spider Form       |       |    11 ||    11
  Use: Scroll            |       |     6 ||     6
       Potion            |       |     3 ||     3
 Stab: Distracted        |       |     1 ||     1
       Sleeping          |       |     1 ||     1
  Eat: Chunk             |       |     3 ||     3
       Royal jelly       |       |     1 ||     1
Armor: Robe              |    23 |    15 ||    38
       Skin              |       |     2 ||     2
Dodge: Dodged            |    58 |    52 ||   110

Table legend:
 A = Turns spent in this place as a percentage of turns spent in the entire game.
 B = Non-inter-level travel turns spent in this place as a percentage of non-inter-level travel turns spent in the entire game.
 C = Inter-level travel turns spent in this place as a percentage of turns spent in this place.
 D = Turns resting spent in this place as a percentage of non-inter-level travel turns spent in this place.
 E = Turns spent auto-exploring this place as a percentage of non-inter-level travel turns spent in this place.
 F = Non-inter-level travel turns spent in this place divided by the number of levels of this place that you've seen.
                   A       B       C       D       E      F
               +-------+-------+-------+-------+-------+----------------------
         Total | 100.0 | 100.0 |   0.1 |   0.1 |   0.0 | 333.0
       Dungeon |  83.6 |  83.5 |   0.1 |   0.1 |   0.0 | 347.8
         Sewer |  16.4 |  16.5 |   0.0 |   0.0 |   0.0 | 274.0
               +-------+-------+-------+-------+-------+----------------------

Table legend:
 A = Kills in this place as a percentage of kills in entire the game.
 B = Kills by you in this place as a percentage of kills by you in the entire game.
 C = Kills by friends in this place as a percentage of kills by friends in the entire game.
 D = Other kills in this place as a percentage of other kills in the entire game.
 E = Experience gained in this place as a percentage of experience gained in the entire game.
 F = Experience gained in this place divided by the number of levels of this place that you have seen.
                   A       B       C       D       E      F
               +-------+-------+-------+-------+-------+----------------------
         Total | 100.0 | 100.0 | 100.0 |  -nan | 100.0 |  87.6
       Dungeon |  80.5 |  79.7 | 100.0 |  -nan |  40.6 |  44.5
         Sewer |  19.5 |  20.3 |   0.0 |  -nan |  59.4 | 260.0
               +-------+-------+-------+-------+-------+----------------------

Vault maps used:
D:1:      erik_arrival_orb_chamber
D:2:      lemuel_round_altar, first_bread, minmay_lizard_king
D:3:      portal_sewer_entry_a, nemelex_xobeh_ov_fountains_minmay
D:4:      kennysheep_mini, corexii_shack
Sewer:    sewer_co_15_rooms
